 Dungeon Crawl Stone Soup version 0.27-a0-1273-gec92ba881d (webtiles) character file.

Game seed: 4723585681410270865

44 mordus the Conjurer (level 3, 14/14 HPs)
             Began as a Felid Conjurer on June 11, 2021.
             Quit the game on level 4 of the Dungeon.
             The game lasted 00:09:06 (3339 turns).

mordus the Conjurer (Felid Conjurer)                Turns: 3339, Time: 00:09:06

Health: 14/14      AC:  1    Str:  4    XL:     3   Next: 41%
Magic:  8/8        EV: 17    Int: 19    God:
Gold:   219        SH:  0    Dex: 14    Spells: 5/8 levels left
                                        Lives:  0   Deaths: 1

rFire    . . .     SeeInvis +   (weapon unavailable)
rCold    . . .     Faith    .   (shield unavailable)
rNeg     . . .     Spirit   .   (armour unavailable)
rPois    .         Reflect  .   (helmet unavailable)
rElec    .         Harm     .   (cloak unavailable)
rCorr    .         Rampage  .   (gloves unavailable)
Will     .....                  (boots unavailable)
Stlth    ++........             (no amulet)
HPRegen  0.04/turn              (no ring)
MPRegen  0.11/turn              (no ring)

@: quick
A: very small, claws 1, fangs 3, see invisible, speed 1, shaggy fur 1, stealthy
paws, no weapons or thrown items, no armour, multi-lived
a: no special abilities


You were on level 4 of the Dungeon.
You visited 1 branch of the dungeon, and saw 4 of its levels.

You collected 219 gold pieces.

Inventory:

Jewellery
 n - a ring of flight
 o - a ring of fire
Wands
 g - a wand of flame (5)
Scrolls
 b - 2 scrolls of enchant weapon {unknown}
 c - a scroll of torment {unknown}
 d - a scroll of noise {unknown}
 f - a scroll of identify {unknown}
 j - a scroll of blinking {unknown}
 k - a scroll of teleportation {unknown}
 l - a scroll of silence {unknown}
Potions
 a - a potion of haste {unknown}
 e - a potion of flight {unknown}
 h - 2 potions of degeneration {unknown}
 i - 3 potions of curing {unknown}
 m - a potion of heal wounds {unknown}


   Skills:
 - Level 2.6 Dodging
 - Level 2.6 Stealth
 + Level 3.0 Spellcasting
 * Level 4.9 Conjurations


You had 5 spell levels left.
You knew the following spells:

 Your Spells              Type           Power      Damage    Failure   Level
a - Magic Dart            Conj           84%        1d7       1%          1
b - Searing Ray           Conj           42%        3d4       3%          2

Your spell library contained the following spells:

 Spells                   Type           Power      Damage    Failure   Level
 Foxfire                  Conj/Fire      48%        2x1d6     5%          1
 Conjure Flame            Conj/Fire      12%        6-21      17%         3
 Dazzling Flash           Conj/Hex       24%        N/A       17%         3
 Confusing Touch          Hex            2%         N/A       41%         3
 Gell's Gravitas          Tloc           1%         N/A       41%         3
 Inner Flame              Hex/Fire       2%         N/A       41%         3
 Fulminant Prism          Conj/Hex       6%         3d7       50%         4
 Iskenderun's Mystic Bla  Conj/Tloc      12%        2d5       50%         4
 Sticky Flame             Conj/Fire      12%        2d4       50%         4
 Petrify                  Tmut/Erth      2%         N/A       83%         4
 Fireball                 Conj/Fire      6%         3d5       83%         5
 Metabolic Englaciation   Hex/Ice        1%         N/A       99%         5
 Yara's Violent Unravell  Hex/Tmut       1%         3d3       99%         5


Dungeon Overview and Level Annotations

Branches:
Dungeon (4/15)
 Temple: D:4-7

Altars:

Shops:
D:1 :


Innate Abilities, Weirdness & Mutations

You have sharp claws.
You have razor-sharp teeth.
You have supernaturally acute eyesight. (SInv)
You cover ground quickly. (Speed+)
You are covered in fur. (AC +1)
Your paws help you pounce on unaware monsters.
You are incapable of wielding weapons or throwing items.
You cannot wear armour.
You gain extra lives every three experience levels.


Message History

There is an open door here.
A black bear comes into view.
Found a quarterstaff.
Casting: Searing Ray (safe; 3% risk of failure)
Confirm with . or Enter, or press ? or * to list all spells.
You can't see any susceptible monsters within range! (Use Z to cast anyway.)
Casting: Searing Ray (safe; 3% risk of failure)
Confirm with . or Enter, or press ? or * to list all spells.
Aiming: Magic Dart (safe; 1% risk of failure)
Press: ? - help, Shift-Dir - straight line, f - black bear
Aim: a black bear (100% to hit)
The magic dart hits the black bear.
The black bear is lightly wounded.
Casting: Magic Dart (safe; 1% risk of failure)
Confirm with . or Enter, or press ? or * to list all spells.
Aiming: Searing Ray (safe; 3% risk of failure)
Press: ? - help, Shift-Dir - straight line, f/p - black bear
Aim: a black bear (lightly wounded, 84% to hit)
The searing ray hits the black bear!
The black bear is moderately wounded. (Press . to maintain the ray.)
The searing ray hits the black bear!
The black bear is severely wounded.
The searing ray hits the black bear.
The black bear is severely wounded.
The black bear goes berserk!
The searing ray misses the black bear.
You finish channeling your searing ray.
The black bear bites you!
Ouch! That really hurt!
The black bear closely misses you. The black bear claws you.
The black bear misses you. The black bear claws you.
The black bear closely misses you.
The black bear rages.
The black bear bites you!
You die...
The black bear claws you but does no damage.
The black bear barely misses you.
You are now level 3!
You rejoin the land of the living...
Are you sure you want to abandon this character and quit the game? (Confirm with "yes".)

#.#####
#....@#
#.###.#
#.# #.#
..# ###


There were no monsters in sight!

Vanquished Creatures
  A bullfrog skeleton (D:3)
  A hound skeleton (D:4)
  An adder (D:3)
  2 dart slugs
  3 orcs
  3 ball pythons
  2 endoplasms
  A giant cockroach (D:2)
  3 goblins
  3 hobgoblins
  8 jackals
  A quokka (D:3)
  2 bats (D:3)
  A frilled lizard (D:3)
  2 kobolds (D:1)
  4 rats
38 creatures vanquished.

Notes
Turn   | Place    | Note
-------+----------+-------------------------------------------
     0 | D:1      | mordus the Felid Conjurer began the quest for the Orb.
     0 | D:1      | Reached XP level 1. HP: 7/7 MP: 4/4
    82 | D:1      | Found Qeuhucoc's Book Shoppe.
   792 | D:1      | Reached XP level 2. HP: 11/11 MP: 4/6
  1023 | D:2      | Reached skill level 4 in Conjurations
  1296 | D:2      | Learned a level 2 spell: Searing Ray
  1815 | D:3      | Reached XP level 3. HP: 10/14 MP: 3/7
  2419 | D:3      | Reached XP level 4. HP: 3/18 MP: 6/9
  2901 | D:3      | Found a faded altar of an unknown god.
  3329 | D:4      | Noticed a black bear
  3338 | D:4      | Slain by a black bear
  3339 | D:4      | Reached XP level 3. HP: -1/14 MP: 3/8
  3339 | D:4      | Quit the game

Illustrated notes

Levels and vault maps discovered:
D:1:      mainiacjoe_arrival_reflecting_pool, layout_loops_ring, serial_shops,
          nicolae_shop_statue_plus, minmay_misc_feat_four_crosses,
          minmay_crystal_room
D:2:      layout_basic
D:3:      layout_loops_ring, shapermc_ecumenical_altar_venn,
          grunt_decor_junction
D:4:      layout_basic, serial_shops, shop, skrybe_limestone_x, uniq_menkaure,
          uniq_blork_the_orc, uniq_sigmund, uniq_natasha

Skill      XL: |  1  2  3  4 |
---------------+-------------+-----
Conjurations   | 4 |  4.9
Spellcasting   | 3 |  3.0
Dodging        | |  2.6
Stealth        | |  2.6

Action                   |  1- 3 |  4- 6 || total
-------------------------+-------+-------++-------
Melee: Unarmed           |    26 |       ||    26
       Bite              |     3 |       ||     3
 Cast: Magic Dart        |    47 |     1 ||    48
       Searing Ray       |     6 |     9 ||    15
 Stab: Sleeping          |     3 |       ||     3
Armor: Skin              |     2 |     1 ||     3
Dodge: Dodged            |    24 |     4 ||    28

Table legend: (Time is in decaauts)
 A = Elapsed time spent in this place.
 B = Non-inter-level travel time spent in this place.
 C = Inter-level travel time spent in this place.
 D = Time resting spent in this place.
 E = Time spent auto-exploring this place.
 F = Levels seen in this place.
 G = Mean time per level.
                   A        B        C        D        E       F      G
               +--------+--------+--------+--------+--------+-----+--------+
         Total |   2988 |   2951 |     37 |    585 |   2082 |   4 |  747.0 |
       Dungeon |   2988 |   2951 |     37 |    585 |   2082 |   4 |  747.0 |
               +--------+--------+--------+--------+--------+-----+--------+

Top non-repeatable levels by time:
     D:3: 1229 daAuts
     D:1: 936 daAuts
     D:2: 741 daAuts
     D:4: 80 daAuts
